 Dungeon Crawl Stone Soup version 0.31.0-32-g396128a36d (webtiles) character file.

Game seed: 13737590994728568328

1094 Marvel the Chopper (level 8, -4/55 HPs)
             Began as an Octopode Fighter on Mar 26, 2024.
             Slain by an orc warrior
             ... wielding a +0 war axe
              (14 damage)
             ... on level 6 of the Dungeon.
             The game lasted 00:05:25 (4810 turns).

Marvel the Chopper (Octopode Fighter)               Turns: 4810, Time: 00:05:26

Health: -4/55      AC:  1    Str: 17    XL:     8   Next: 31%
Magic:  8/8        EV: 13    Int: 11    God:
Gold:   239        SH:  4    Dex: 11    Spells: 7/7 levels left

rFire   . . .        a - +0 war axe
rCold   . . .        b - +0 buckler
rNeg    . . .        (helmet restricted)
rPois   .            (no amulet)
rElec   .            q - ring of willpower
rCorr   .            x - ring of willpower
SInv    .            (no ring)
Will    ++...        (no ring)
Stlth   +++          (no ring)
HPRegen 0.29/turn    (no ring)
MPRegen 0.11/turn    (no ring)
                     (no ring)

%: no passive effects
@: hasted and slowed
A: almost no armour, amphibious, 8 rings, camouflage 1, gelatinous body 1,
(nimble swimmer 1), tentacles
a: no special abilities


You were on level 6 of the Dungeon.
You visited 1 branch of the dungeon, and saw 6 of its levels.
You also visited: Sewer.

You collected 239 gold pieces.

Inventory:

Hand Weapons
 a - a +0 war axe (weapon)
Missiles
 y - 11 poisoned darts (quivered)
Armour
 b - a +0 buckler (worn)
Jewellery
 q - a ring of willpower (left tentacle)
 x - a ring of willpower (right tentacle)
Wands
 k - a wand of flame (16)
Scrolls
 d - a scroll of revelation {unknown}
 e - a scroll of enchant weapon {unknown}
 f - a scroll of vulnerability
 g - a scroll of blinking {unknown}
 h - 2 scrolls of poison {unknown}
 i - 3 scrolls of torment {unknown}
 j - a scroll of fog {unknown}
 m - 2 scrolls of amnesia {unknown}
 o - a scroll of enchant armour {unknown}
 s - 3 scrolls of fear
 t - 4 scrolls of teleportation {unknown}
 v - 2 scrolls of acquirement {unknown}
 z - a scroll of noise {unknown}
 B - a scroll of brand weapon {unknown}
Potions
 c - 4 potions of might
 l - 2 potions of lignification {unknown}
 n - 5 potions of curing
 p - a potion of heal wounds
 r - a potion of haste
 u - a potion of brilliance
 w - 2 potions of magic {unknown}
 A - a potion of degeneration {unknown}


   Skills:
 + Level 5.0 Fighting
 + Level 7.5 Axes
 + Level 4.4 Dodging
 - Level 1.5 Stealth
 + Level 4.0 Shields


You had 7 spell levels left.
You didn't know any spells.
Your spell library contained the following spells:

 Spells                   Type           Power      Damage    Failure   Level
 Sandblast                Erth           0%         2d4       41%         1
 Slow                     Hex            0%         N/A       41%         1
 Jinxbite                 Hex            0%         N/A       56%         2
 Passwall                 Erth           0%         N/A       80%         3
 Stone Arrow              Conj/Erth      0%         3d7       80%         3
 Brom's Barrelling Bould  Conj/Erth      0%         2d3       99%         4
 Summon Blazeheart Golem  Fire/Summ      0%         N/A       99%         4
 Summon Lightning Spire   Summ/Air       0%         N/A       99%         4
 Orb of Destruction       Conj           0%         9d5       100%        7
 Spellforged Servitor     Conj/Summ      0%         N/A       100%        7


Dungeon Overview and Level Annotations

Branches:
Dungeon (6/15)              Sewer (visited)
 Temple: D:4-7

Altars:
Dithmenos
Makhleb

Annotations:
D:3 3 runed translucent doors, pretsel's ghost, amateur DrSh


Innate Abilities, Weirdness & Mutations

You cannot wear most types of armour.
You are amphibious.
You can wear up to eight rings at the same time.
Your skin changes colour to match your surroundings (Stealth+).
Your rubbery body absorbs attacks. (AC +1, EV +1)
((You are camouflaged when in or above water. (Stealth+)))
You have tentacles for arms and can constrict up to eight enemies at once.


Message History

You are more poisoned.
You have difficulty breathing.
You feel as though you will be slow longer.
An orc warrior comes into view. It is wielding a +0 war axe.
You feel extremely sick.
You feel very sick.
It was a potion of curing.
You feel better.
The kobold brigand throws a curare-tipped dart.
The curare-tipped dart hits you.
You are poisoned.
You have difficulty breathing.
* * * LOW HITPOINT WARNING * * *
You feel as though you will be slow longer.
You feel sick.
The ogre shouts!
You hear a shout! x3
You feel better.
An orc comes into view. It is wielding a +0 club.
The orc throws a boomerang.
The boomerang closely misses you.
An orc priest comes into view. It is wielding a +0 hand axe.
As you read the scroll labelled HUDOVE MEIBLOD, it crumbles to dust.
You assume a fearsome visage.
The ogre looks frightened!
The scorpion looks frightened!
The orc priest looks frightened!
The orc priest shouts!
The orc looks frightened!
The kobold looks frightened!
The kobold shouts!
It was a scroll of fear.
A kobold comes into view. It is wielding a +0 dagger.
The kobold moves out of view.
The kobold shouts! x4
The kobold brigand attacks as it pursues you!
The kobold brigand hits you with a +0 club.
The kobold throws a stone.
You block the stone.
The orc warrior attacks as it pursues you!
The orc warrior hits you with a +0 war axe.
* * * LOW HITPOINT WARNING * * *
The kobold brigand hits you with a +0 club.
* * * LOW HITPOINT WARNING * * *
You feel yourself speed up.
Cornered, the ogre turns to fight!
The orc warrior hits you with a +0 war axe!
You die...

.........../...#.#
.......).......†#.#
..................#
...K....#.#.###.#####..
..)....#............#
##...KK###.###.######
#.#.#K.....##.....#
#.#KKo###..##.###.#
#...K@#.#..##.# #.#
###...#.#..##.# #.#
#...#.#..##.# #.#
###...#.#..##.###.#
........#..#......#
#O...#.####...##.#
###....#..#...####
#..............#
.######.#..#..###.#


You could see an orc warrior, a kobold brigand, an ogre and 6 kobolds.

Vanquished Creatures
  Edmund (D:5)
  A water moccasin (D:5)
  An ice beast (D:6)
  A crocodile (Sewer)
  A phantom (D:5)
  A kobold brigand (D:5)
  A bullfrog (D:5)
  A brain worm (Sewer)
  A scorpion (D:4)
  A howler monkey (D:4)
  A jelly (D:5)
  2 hounds
  An iguana (D:6)
  3 gnolls
  8 adders
  A shadow imp (D:5)
  A white imp (D:5)
  2 ufetubi (D:5)
  6 dart slugs
  8 orcs
  2 ball pythons
  5 endoplasms
  3 giant cockroaches
  9 goblins
  7 hobgoblins
  3 quokkas
  6 bats
  2 frilled lizards
  13 kobolds
  4 rats
97 creatures vanquished.

Notes
Turn   | Place    | Note
-------+----------+-------------------------------------------
     0 | D:1      | Marvel the Octopode Fighter began the quest for the Orb.
     0 | D:1      | Reached XP level 1. HP: 16/16 MP: 1/1
   210 | D:1      | Reached XP level 2. HP: 21/21 MP: 2/2
   594 | D:2      | Found a burning altar of Makhleb.
   719 | D:2      | Reached XP level 3. HP: 26/26 MP: 3/3
   908 | D:2      | Reached skill level 1 in Stealth
   970 | D:2      | Identified the +2 leather armour of Qeixtoma {rElec rC+
                  | Str+7 Int-5}
  1074 | D:2      | Found a faded altar of an unknown god.
  1265 | D:3      | Found a runed translucent gate.
  1266 | D:3      | Found a runed translucent gate.
  1269 | D:3      | Found a runed translucent gate.
  1270 | D:3      | Noticed pretsel's ghost (amateur DrSh)
  1311 | D:3      | Reached XP level 4. HP: 31/31 MP: 4/4
  1795 | D:3      | Found a glowing drain.
  1806 | Sewer    | Entered a sewer
  1822 | Sewer    | Noticed a brain worm
  1831 | Sewer    | Killed a brain worm
  1832 | Sewer    | Reached skill level 3 in Axes
  1832 | Sewer    | Reached XP level 5. HP: 30/37 MP: 3/5
  1857 | Sewer    | Noticed a crocodile
  1865 | Sewer    | Killed a crocodile
  1866 | Sewer    | Reached skill level 4 in Axes
  1866 | Sewer    | Reached XP level 6. HP: 19/43 MP: 6/6
  1881 | Sewer    | Got Piudavol's Codex of Interference and Apparitions
  2458 | D:4      | Reached skill level 5 in Axes
  3161 | D:5      | Entered Level 5 of the Dungeon
  3161 | D:5      | Found a shadowy altar of Dithmenos.
  3262 | D:5      | Noticed a water moccasin
  3268 | D:5      | Killed a water moccasin
  3269 | D:5      | Reached XP level 7. HP: 27/49 MP: 7/7
  3494 | D:5      | Noticed Edmund
  3503 | D:5      | Killed Edmund
  3504 | D:5      | Reached skill level 6 in Axes
  3779 | D:5      | Reached XP level 8. HP: 37/54 MP: 8/8
  3871 | D:5      | Reached skill level 7 in Axes
  4694 | D:6      | Reached skill level 5 in Fighting
  4810 | D:6      | Slain by an orc warrior

Illustrated notes

Levels and vault maps discovered:
D:1:      dpeg_arrival_stone_temple_mockup, layout_loops_ring, fountainhead,
          reono_crystal_passage
D:2:      layout_loops_cross, shapermc_ecumenical_altar_venn, basic_altar,
          chequers_serial_rivers_small_a
D:3:      layout_loops_ring, portal_sewer_entry_d, gammafunk_ghost_split
D:4:      layout_basic
D:5:      layout_cave_pools, grunt_dithmenos_smoke, uniq_edmund
D:6:      layout_basic, nicolae_overflow_crystal_walls, minivault_19

Skill      XL: |  1  2  3  4  5  6  7  8 |
---------------+-------------------------+-----
Stealth        | 1 |  1.5
Axes           | 3 4 5 6 7 |  7.5
Fighting       | 4 5 |  5.0
Dodging        | 4 |  4.4
Shields        | 4 |  4.0

Action                     |  1- 3 |  4- 6 |  7- 9 || total
---------------------------+-------+-------+-------++-------
  Melee: War axe           |    57 |    73 |    68 ||   198
         Tentacles         |     8 |    11 |    20 ||    39
         Constrict         |    10 |    16 |    19 ||    45
         Punch             |       |     1 |     3 ||     4
    Use: Potion            |       |     3 |     3 ||     6
         Scroll            |       |       |     2 ||     2
   Stab: Sleeping          |    12 |     9 |     4 ||    25
 Armour: Skin              |    18 |    30 |    51 ||    99
  Dodge: Dodged            |    31 |    35 |    55 ||   121
  Block: Buckler           |    10 |    12 |    17 ||    39
